 Dungeon Crawl Stone Soup version 0.27.0-1-g7a089689b8 (webtiles) character file.

Game seed: 762381670502590025

1554 nxtlvl the Spear-Bearer (level 9, -16/65 HPs)
             Began as a Human Gladiator on Aug 17, 2021.
             Demolished by an ogre (20 damage)
             ... on level 7 of the Dungeon.
             The game lasted 00:26:41 (2906 turns).

nxtlvl the Spear-Bearer (Human Gladiator)           Turns: 2906, Time: 00:26:41

Health: -16/65     AC: 10    Str: 14    XL:     9   Next: 12%
Magic:  9/9        EV:  6    Int: 13    God:
Gold:   152        SH:  0    Dex: 14    Spells: 8/8 levels left

rFire    . . .     SeeInvis .   a - +0 trident
rCold    + . .     Faith    .   (no shield)
rNeg     . . .     Spirit   .   g - +0 chain mail
rPois    .         Reflect  .   d - +0 helmet
rElec    .         Harm     +   e - scarf {harm}
rCorr    .         Rampage  .   (no gloves)
Will     .....                  f - +0 pair of boots
Stlth    ..........             s - amulet of magic regeneration
HPRegen  0.20/turn              L - ring of protection from cold
MPRegen  0.36/turn              (no ring)

@: no status effects
A: no striking features
a: no special abilities


You were on level 7 of the Dungeon.
You visited 1 branch of the dungeon, and saw 7 of its levels.
You also visited: Sewer.

You collected 152 gold pieces.

Inventory:

Hand Weapons
 a - a +0 trident (weapon)
 b - a +0 hand crossbow
Missiles
 m - 15 bolts
 t - 118 stones
 E - 16 poisoned darts (quivered)
 I - 20 sling bullets
Armour
 c - a +0 leather armour
 d - a +0 helmet (worn)
 e - a scarf of harm (worn)
 f - a +0 pair of boots (worn)
 g - a +0 chain mail (worn)
 h - a +0 ring mail
 D - a +0 scale mail
Jewellery
 s - an amulet of magic regeneration (around neck)
 L - a ring of protection from cold (left hand)
Wands
 w - a wand of acid (4)
 G - a wand of paralysis (17)
Scrolls
 i - a scroll of enchant weapon {unknown}
 j - a scroll of torment {unknown}
 k - 2 scrolls of noise {unknown}
 l - a scroll of summoning {unknown}
 r - 2 scrolls of enchant armour {unknown}
 v - 5 scrolls of teleportation {unknown}
 x - 2 scrolls of amnesia {unknown}
 y - 2 scrolls of magic mapping {unknown}
 B - a scroll of identify {unknown}
 J - a scroll of fog {unknown}
Potions
 n - a potion of magic {unknown}
 o - a potion of haste {unknown}
 p - a potion of invisibility {unknown}
 q - a potion of brilliance {unknown}
 u - 2 potions of heal wounds {unknown}
 z - 3 potions of attraction {unknown}
 A - a potion of berserk rage {unknown}
 C - a potion of curing {unknown}
 F - a potion of degeneration {unknown}
 H - a potion of cancellation {unknown}
 K - a potion of flight {unknown}


   Skills:
 + Level 4.2 Fighting
 * Level 10.5 Polearms
 - Level 2.0 Throwing
 - Level 3.0 Dodging


You had 8 spell levels left.
You didn't know any spells.
Your spell library was empty.

Dungeon Overview and Level Annotations

Branches:
Dungeon (7/15)              Sewer (visited)
 Temple: D:4-7

Altars:
Ashenzari
Elyvilon
Fedhas
Gozag
Wu Jian

Annotations:
D:3 exclusion: downstairs
D:5 exclusion: downstairs


Message History

Throw: 18 darts (poison)
Press: ? - help, Q - select action, (/) - cycle Shift-Dir - straight line, f/p - ogre
Aim: an ogre, wielding a +0 giant spiked club (lightly wounded, poisoned, 75% to hit)
You throw a poisoned dart. The poisoned dart hits the ogre.
The ogre looks even sicker.
The ogre is lightly wounded.
Throw: 17 darts (poison)
Press: ? - help, Q - select action, (/) - cycle Shift-Dir - straight line, f/p - ogre
Aim: an ogre, wielding a +0 giant spiked club (lightly wounded, very poisoned, 76% to hit)
You throw a poisoned dart.
The poisoned dart barely misses the ogre.
Reach: a) +0 trident
Press: ? - help, Dir - move target, f/p - ogre
Aim: an ogre, wielding a +0 giant spiked club (lightly wounded, very poisoned, about 22% to evade your +0 trident)
You reach to attack!
You barely miss the ogre.
The ogre is lightly wounded.
You hit the ogre.
The ogre is moderately wounded.
The ogre hits you with a +0 giant spiked club!
You hit the ogre.
The ogre is heavily wounded.
You hit the ogre but do no damage.
The ogre is heavily wounded.
The ogre hits you with a +0 giant spiked club!
* * * LOW HITPOINT WARNING * * *
You hit the ogre.
The ogre is heavily wounded.
The ogre barely misses you.
You hit the ogre.
The ogre is severely wounded.
You barely miss the ogre.
The ogre is severely wounded.
The ogre hits you with a +0 giant spiked club!
* * * LOW HITPOINT WARNING * * *
You closely miss the ogre.
The ogre is severely wounded.
You hit the ogre.
The ogre is almost dead.
The ogre hits you with a +0 giant spiked club!
You die...

#...<..#
.....###### ##.
## # . #.### .#
...###. ##....
.###....####.####
((....O@†........
.....##.####.....
.## #.# ### ...
.##. ## .. .. ...


You could see an ogre (poisoned).

Vanquished Creatures
  A water moccasin (D:6)
  A sky beast (D:6)
  2 ogres
  2 centaurs (D:6)
  2 phantoms
  A bullfrog (D:7)
  2 scorpions
  A water moccasin zombie (D:4)
  A howler monkey (D:4)
  2 bullfrog zombies
  2 hounds (D:5)
  3 jellies
  2 bullfrog skeletons (D:5)
  4 iguanas
  2 orc wizards
  A hound skeleton (D:5)
  9 adders
  A white imp (D:6)
  An adder skeleton (D:5)
  A worm (D:3)
  3 dart slugs
  11 orcs
  2 ball pythons (Sewer)
  An endoplasm (D:3)
  5 giant cockroaches
  2 goblins
  7 hobgoblins
  5 jackals (Sewer)
  2 quokkas
  4 bats
  2 frilled lizards (Sewer)
  13 kobolds
  3 rats (D:2)
101 creatures vanquished.

Vanquished Creatures (others)
  15 plants (Sewer)
15 creatures vanquished.

Grand Total: 116 creatures vanquished

Notes
Turn   | Place    | Note
-------+----------+-------------------------------------------
     0 | D:1      | nxtlvl the Human Gladiator began the quest for the Orb.
     0 | D:1      | Reached XP level 1. HP: 16/16 MP: 1/1
   104 | D:2      | Reached XP level 2. HP: 14/22 MP: 2/2
   248 | D:2      | Reached skill level 4 in Polearms
   248 | D:2      | Reached XP level 3. HP: 26/27 MP: 3/3
   606 | D:3      | Found an opulent altar of Gozag.
   650 | D:3      | Reached XP level 4. HP: 33/33 MP: 4/4
   661 | D:3      | Found a glowing drain.
   736 | Sewer    | Entered a sewer
   776 | Sewer    | Reached skill level 5 in Polearms
  1105 | D:3      | Reached XP level 5. HP: 38/38 MP: 5/5
  1394 | D:4      | Reached skill level 6 in Polearms
  1395 | D:4      | Reached XP level 6. HP: 31/44 MP: 6/6
  1415 | D:5      | Entered Level 5 of the Dungeon
  1419 | D:5      | Noticed an ogre
  1422 | D:5      | Killed an ogre
  1423 | D:5      | Reached skill level 7 in Polearms
  1476 | D:5      | Reached XP level 7. HP: 38/50 MP: 7/7
  1600 | D:5      | Reached skill level 8 in Polearms
  1831 | D:4      | Reached XP level 8. HP: 4/56 MP: 8/8
  2061 | D:5      | Found a broken altar of Ashenzari.
  2075 | D:5      | Reached skill level 9 in Polearms
  2203 | D:6      | Found a white marble altar of Elyvilon.
  2206 | D:6      | Found a blossoming altar of Fedhas.
  2410 | D:6      | Found an ornate altar of the Wu Jian Council.
  2733 | D:6      | Reached skill level 10 in Polearms
  2754 | D:6      | Reached XP level 9. HP: 22/65 MP: 9/9
  2906 | D:7      | Demolished by an ogre

Illustrated notes

Levels and vault maps discovered:
D:1:      scummos_arrival_star, layout_rooms, minmay_misc_feat_hallway,
          minmay_pentomino_t4
D:2:      layout_loops_ring, hellmonk_ecumenical_altar_defaced_shrine,
          grunt_ministairs_6, small_statue_intersection
D:3:      layout_basic, mainiacjoe_overflow_six_doors_small,
          gup_sewer_entry_glass
D:4:      layout_rooms
D:5:      cheibrodos_quashed, layout_basic, mainiacjoe_overflow_small_starburst
D:6:      layout_basic, old_standard_altar, nicolae_overflow_hidden_temple,
          serial_curves, eino_curves_03, eino_curves_01
D:7:      layout_rooms, minmay_temple_entry_statues_pillars, st_stairs_2,
          kennysheep_doodads

Skill      XL: |  1  2  3  4  5  6  7  8 |
---------------+-------------------------+-----
Polearms       | 4 5 6 7 8 10 | 10.5
Fighting       | 4 |  4.2
Throwing       | |  2.0
Dodging        | |  3.0

Action                   |  1- 3 |  4- 6 |  7- 9 || total
-------------------------+-------+-------+-------++-------
Melee: Trident           |    87 |   103 |   218 ||   408
 Fire: Hand crossbow     |       |    33 |    31 ||    64
Throw: Throwing net      |     4 |       |     2 ||     6
       Stone             |       |       |     1 ||     1
       Dart              |       |       |    10 ||    10
Evoke: Wand              |       |     5 |     1 ||     6
 Stab: Held in net/web   |     3 |       |     2 ||     5
       Paralysed         |       |       |     2 ||     2
Armor: Leather armour    |    22 |    16 |       ||    38
       Chain mail        |       |    45 |   105 ||   150
Dodge: Dodged            |    39 |    60 |    53 ||   152
